 Dungeon Crawl Stone Soup version 0.30-a0-585-g93115170b9 (webtiles) character file.

Game seed: 14127585628357099645

49086 Decipherer the Fencer (level 14, -11/143 HPs)
             Began as a Minotaur Berserker on Jan 2, 2023.
             Was an Elder of Trog.
             Killed from afar by a hell hog (48 damage)
             ... with a fireball
             ... on level 3 of the Abyss.
             The game lasted 00:39:44 (17129 turns).

Decipherer the Fencer (Minotaur Berserker)         Turns: 17129, Time: 00:39:45

Health: -11/143    AC: 25    Str: 25    XL:     14   Next: 14%
Magic:  11/11      EV: 11    Int:  4    God:    Trog [****..]
Gold:   1736       SH:  7    Dex: 18    Spells: 13/13 levels left

rFire   . . .      SeeInvis .    x - +7 Throatcutter {drain, coup de grace}
rCold   . . .      Faith    .    j - +0 buckler {AC+3}
rNeg    . . .      Spirit   .    b - +0 plate armour
rPois   +          Reflect  .    (helmet restricted)
rElec   .          Harm     .    f - scarf {shadows}
rCorr   .          Rampage  .    J - +2 pair of gloves
Will    +....                    F - +0 pair of boots Stlth
                                 (no amulet)
HPRegen 0.43/turn                N - ring of poison resistance
MPRegen 0.12/turn                I - +6 ring of dexterity

@: on berserk cooldown, slowed, very slow
A: horns 2, retaliatory headbutt, low MP 1, passive freeze, robust 1, devolution
1
a: Renounce Religion, Berserk, Trog's Hand, Brothers in Arms


You were on level 3 of the Abyss.
You worshipped Trog.
Trog was greatly pleased with you.
You visited 1 branch of the dungeon, and saw 14 of its levels.
You visited the Abyss 1 time.
You also visited: Ossuary.

You collected 1778 gold pieces.
You spent 42 gold pieces at shops.

Inventory:

Hand Weapons
 c - the +7 trident "Uneun" {elec, rF+ rC+ Str+9 Dex-5}
   (You took it off a tengu reaver on level 13 of the Dungeon)

   It occasionally discharges a powerful burst of electricity upon striking a
   foe.
   Str:       It affects your strength (+9).
   Dex:       It affects your dexterity (-5).
   rF:        It protects you from fire.
   rC:        It protects you from cold.
 x - the +7 Throatcutter (weapon) {drain, coup de grace}
   (You found it on level 3 of the Dungeon)

   A truly terrible weapon, it drains the life of any living foe it strikes.
   It may instantly kill foes which have little health.
Missiles
 d - 12 boomerangs
 k - 25 poisoned darts
 B - 8 javelins
 E - 2 silver boomerangs
 O - 6 atropa-tipped darts
Armour
 b - a +0 plate armour (worn)
 e - a +0 cloak
 f - a scarf of shadows (worn)
 j - a +0 buckler of protection (worn)
 D - a +0 kite shield
 F - a +0 pair of boots (worn)
 J - a +2 pair of gloves (worn)
Jewellery
 I - a +6 ring of dexterity (right hand)
 N - a ring of poison resistance (left hand)
 Q - a ring of flight
Wands
 p - a wand of polymorph (4)
 z - a wand of iceblast (7)
 A - a wand of flame (44)
 M - a wand of paralysis (3)
Scrolls
 g - a scroll of acquirement {unknown}
 i - 3 scrolls of enchant weapon
 m - 4 scrolls of vulnerability
 q - 4 scrolls of poison
 r - a scroll of identify
 s - a scroll of brand weapon {unknown}
 y - 3 scrolls of enchant armour
 H - 3 scrolls of torment
 L - 4 scrolls of immolation
Potions
 a - 2 potions of invisibility
 h - a potion of heal wounds
 l - 3 potions of haste
 o - a potion of lignification
 v - 2 potions of attraction
 C - a potion of might
Miscellaneous
 t - a tin of tremorstones (2/2)
 P - a lightning rod (2/4)


   Skills:
 + Level 13.7 Fighting
 + Level 16.1 Long Blades
 + Level 5.7 Maces & Flails
 + Level 15.8 Armour
 + Level 6.1 Dodging
 + Level 2.3 Stealth
 + Level 10.2 Shields
 + Level 1.3 Unarmed Combat
 + Level 3.8 Evocations


You had 13 spell levels left.
You didn't know any spells.
Your spell library contained the following spells:

 Spells                   Type           Power      Damage    Failure   Level
 Freeze                   Ice            0%         1d3       99%         1
 Necrotise                Necr           0%         1d4       99%         1
 Sting                    Tmut/Pois      0%         1d3       99%         1
 Poisonous Vapours        Pois/Air       0%         N/A       100%        2
 Sublimation of Blood     Necr           0%         N/A       100%        2
 Frozen Ramparts          Ice            0%         1d1       100%        3
 Hailstorm                Conj/Ice       0%         3d3       100%        3
 Vampiric Draining        Necr           0%         2d6       100%        3
 Anguish                  Hex/Necr       0%         N/A       100%        4
 Animate Armour           Summ/Erth      0%         N/A       100%        4
 Olgreb's Toxic Radiance  Pois           0%         N/A       100%        4
 Petrify                  Tmut/Erth      0%         N/A       100%        4
 Agony                    Necr           0%         N/A       100%        5
 Alistair's Intoxication  Tmut/Pois      0%         N/A       100%        5
 Blade Hands              Tmut           0%         N/A       100%        5
 Borgnjor's Vile Clutch   Necr/Erth      0%         N/A       100%        5
 Irradiate                Conj/Tmut      0%         3d11      100%        5
 Eringya's Noxious Bog    Tmut/Pois      0%         N/A       100%        6
 Iron Shot                Conj/Erth      0%         9d1       100%        6
 Enfeeble                 Hex            0%         N/A       100%        7


Dungeon Overview and Level Annotations

Branches:
Dungeon (14/15)            Temple (0/1) D:5            Lair (0/5) D:11
    Orc (0/2) D:12        Ossuary (visited)
 Vaults: D:13-14

Altars:
Ashenzari
Dithmenos
Gozag
Sif Muna

Shops:
D:1 *   D:6 (

Portals:
Trove: D:13 (give 7 scrolls of blinking)


Innate Abilities, Weirdness & Mutations

You have a pair of horns on your head.
You reflexively headbutt those who attack you in melee.
Your magical capacity is low. (-10% MP)
A frigid envelope surrounds you and freezes all who hurt you.
You are robust. (+10% HP)
You have hidden genetic defects.


Message History

You hit the phantasmal warrior.
Your headbutt misses the phantasmal warrior.
The phantasmal warrior is heavily damaged.
You block the phantasmal warrior's attack.
You slash the phantasmal warrior!
You behead the phantasmal warrior!
You destroy the phantasmal warrior!
Trog accepts your kill.
A hell hog comes into view.
The hell hog squeals angrily.
You see here a blink frog corpse.
You slash the wraith!
The wraith is heavily damaged.
A hell hog comes into view.
You closely miss the wraith.
The wraith is heavily damaged.
The hell hog squeals angrily.
You hear a shout!
The wraith closely misses you.
You slash the wraith!
The wraith is severely damaged.
You slice the wraith!!
You destroy the wraith!
Trog accepts your kill.
A death knight comes into view. It is wielding a +0 broad axe.
A hell hog comes into view.
The hell hog breathes fire at you.
The fireball explodes!
The fireball engulfs you!!!
You hear an angry squeal.
You feel a strong urge to attack something.
You are no longer berserk.
You are exhausted.
You feel yourself slow down. The hell hog breathes fire at you.
The fireball explodes!
The fireball engulfs you!!
* * * LOW HITPOINT WARNING * * *
You slice the hell hog!!
You headbutt the hell hog, but do no damage.
The hell hog is moderately wounded.
The hell hog breathes fire at you.
The fireball explodes!
The fireball engulfs you!!!
You die...

. .####.##. .#
.h.###h.
#~##~~##..# .
≈~~~§#..#. .♣~≈~
§#.h### .F ..~
~♣.h#†.#
...~~.#...#.....
#. ..~#h.## #...
##.V~#@#.# #.
#..#~§§......
..~..~~....#
.###.##~~##..#
..# ##~. #.# .##
~♣# # ~~


You could see 3 hell hogs.

Vanquished Creatures
  2 bone dragons (Abyss:3)
  Jorgrun (D:13)
  Frances (D:12)
  A tentacled starspawn (Abyss:3)
  A tengu reaver (D:13)
  A fire giant (D:13)
  Nessos (D:13)
  A hydra (D:14)
  A jorogumo (shapeshifter) (D:13)
  4 centaur warriors (D:13)
  A death knight (D:13)
  7 two-headed ogres
  3 boulder beetles (D:13)
  A thrashing horror (Abyss:3)
  4 skeletal warriors
  A deep elf knight (D:13)
  Lodul (D:13)
  A wizard (D:13)
  2 phantasmal warriors
  2 deep elf pyromancers
  10 ugly things
  5 cyclopes
  Maurice (D:11)
  3 gargoyles
  3 slime creatures
  2 yaktaurs
  2 unseen horrors
  A freezing wraith (D:13)
  A kobold demonologist (D:13)
  A tengu conjurer (D:14)
  An efreet (D:13)
  10 trolls
  A wind drake (shapeshifter) (D:13)
  Prince Ribbit (D:6)
  2 hornets
  The ghost of Heedrag the Conjurer, an amateur DsCj (D:4)
  5 blink frogs (Abyss:3)
  A small abomination (Abyss:3)
  A spriggan (shapeshifter) (D:13)
  4 wraiths
  Sigmund (D:2)
  4 yaks (D:12)
  2 vampires (D:11)
  A shadow (D:10)
  2 basilisks
  14 humans (D:14)
  A golden eye (shapeshifter) (D:13)
  2 steam dragons (D:7)
  A vampire mosquito (D:13)
  Edmund (D:6)
  An acid dragon (D:11)
  2 water moccasins
  A black bear (shapeshifter) (D:14)
  2 black bears
  10 ogres
  3 ice beasts (D:7)
  3 orc warriors
  3 wolves (D:11)
  A phantom (D:8)
  6 centaurs
  A necrophage (D:4)
  2 scorpions
  5 bullfrogs
  A gnoll sergeant (D:8)
  12 wights
  A starcursed mass (Abyss:3)
  3 howler monkeys
  3 electric eels (D:11)
  8 hounds
  4 jellies
  5 orc priests
  A gnoll bouda (D:9)
  Jessica (D:3)
  An iguana (D:7)
  8 orc wizards
  4 mummies (Ossuary)
  7 gnolls
  5 adders
  An ufetubus (D:6)
  3 dart slugs
  53 orcs
  6 ball pythons
  3 endoplasms
  A gnoll zombie (Ossuary)
  6 goblins
  6 hobgoblins
  3 quokkas
  A bat (D:2)
  4 frilled lizards
  2 goblin zombies (Ossuary)
  3 hobgoblin zombies (Ossuary)
  10 kobolds
  A kobold zombie (Ossuary)
  An orc zombie (Ossuary)
  6 rats
  A rat zombie (D:8)
337 creatures vanquished.

Vanquished Creatures (collateral kills)
  A small abomination (Abyss:3)
  2 starcursed masses (Abyss:3)
  A starspawn tentacle (Abyss:3)
4 creatures vanquished.

Vanquished Creatures (others)
  A queen bee (shapeshifter) (D:13)
  An orc (D:7)
  3 starspawn tentacles (Abyss:3)
5 creatures vanquished.

Grand Total: 346 creatures vanquished

Notes
Turn   | Place    | Note
-------+----------+-------------------------------------------
     0 | D:1      | Decipherer the Minotaur Berserker began the quest for the
                  | Orb.
     0 | D:1      | Reached XP level 1. HP: 19/19 MP: 0/0
   300 | D:1      | Found Nyapav's Assorted Antiques.
   309 | D:1      | Reached XP level 2. HP: 27/27 MP: 1/1
   313 | D:1      | Bought a puce potion for 21 gold pieces
   313 | D:1      | Bought a puce potion for 21 gold pieces
   811 | D:2      | Found a faded altar of an unknown god.
  1030 | D:2      | Reached XP level 3. HP: 29/34 MP: 2/2
  1080 | D:2      | Noticed Sigmund
  1092 | D:2      | Killed Sigmund
  1093 | D:2      | Reached skill level 5 in Fighting
  1093 | D:2      | Reached skill level 5 in Maces & Flails
  1093 | D:2      | Reached XP level 4. HP: 42/42 MP: 3/3
  1093 | D:2      | Reached XP level 5. HP: 48/48 MP: 4/4
  1683 | D:3      | Reached ** piety under Trog
  2165 | D:3      | Noticed Jessica
  2168 | D:3      | Killed Jessica
  2342 | D:3      | Found the +7 Throatcutter {drain, coup de grace}
  2349 | D:3      | Reached XP level 6. HP: 57/57 MP: 5/5
  2511 | D:4      | Noticed Heedrag's ghost (amateur DsCj)
  2514 | D:4      | Found a runed translucent door.
  2553 | D:4      | Reached skill level 1 in Stealth
  2857 | D:4      | Reached skill level 1 in Long Blades
  2916 | D:4      | Found a shimmering blue altar of Sif Muna.
  2916 | D:4      | You fall into a shaft and drop 2 floors!
  2938 | D:6      | Found Luttura's Weapon Shop.
  2946 | D:5      | Entered Level 5 of the Dungeon
  3003 | D:5      | Reached skill level 2 in Long Blades
  3034 | D:5      | Found a staircase to the Ecumenical Temple.
  3122 | D:5      | Reached XP level 7. HP: 59/64 MP: 6/6
  3216 | D:5      | Reached skill level 3 in Long Blades
  3601 | D:4      | Killed Heedrag's ghost
  3602 | D:4      | Reached skill level 4 in Long Blades
  3769 | D:5      | Reached *** piety under Trog
  3770 | D:5      | Reached skill level 5 in Long Blades
  3770 | D:5      | Reached skill level 1 in Shields
  4270 | D:6      | Reached XP level 8. HP: 55/71 MP: 7/7
  4274 | D:6      | Reached skill level 6 in Long Blades
  4796 | D:6      | Noticed Edmund
  4801 | D:6      | Killed Edmund
  4802 | D:6      | Reached skill level 7 in Long Blades
  4877 | D:6      | Noticed Prince Ribbit
  4883 | D:6      | Killed Prince Ribbit
  4884 | D:6      | Reached skill level 5 in Armour
  5200 | D:7      | Reached skill level 8 in Long Blades
  5479 | D:7      | Reached XP level 9. HP: 79/79 MP: 8/8
  5867 | D:7      | Reached skill level 9 in Long Blades
  6351 | D:8      | Reached skill level 5 in Dodging
  6387 | D:8      | Reached **** piety under Trog
  6405 | D:8      | Noticed a deep elf pyromancer
  6414 | D:8      | Killed a deep elf pyromancer
  6415 | D:8      | Reached skill level 10 in Long Blades
  6486 | D:8      | Found an opulent altar of Gozag.
  6650 | D:8      | Found a sand-covered staircase.
  6657 | Ossuary  | Entered an ossuary
  7434 | D:8      | Found a shadowy altar of Dithmenos.
  7619 | D:9      | Reached XP level 10. HP: 82/88 MP: 9/9
  7856 | D:9      | Reached skill level 11 in Long Blades
  8025 | D:9      | Noticed a two-headed ogre
  8032 | D:9      | Killed a two-headed ogre
  8555 | D:10     | Entered Level 10 of the Dungeon
  8938 | D:10     | Reached skill level 12 in Long Blades
  9653 | D:11     | Noticed a cyclops
  9676 | D:11     | Killed a cyclops
  9698 | D:11     | Noticed a two-headed ogre
  9730 | D:10     | Gained mutation: Your muscles are strong. (Str +4, Int/Dex
                  | -1) [potion of mutation]
  9730 | D:10     | Gained mutation: Your mind is acute. (Int +4, Str/Dex -1)
                  | [potion of mutation]
  9731 | D:10     | Lost mutation: Your muscles are strong. (Str +4, Int/Dex
                  | -1) [potion of mutation]
  9731 | D:10     | Lost mutation: Your mind is acute. (Int +4, Str/Dex -1)
                  | [potion of mutation]
  9731 | D:10     | Gained mutation: You sometimes lose your temper in combat.
                  | [potion of mutation]
  9732 | D:10     | Lost mutation: You sometimes lose your temper in combat.
                  | [potion of mutation]
  9732 | D:10     | Gained mutation: Your spells are a little easier to cast,
                  | but a little less powerful. [potion of mutation]
  9732 | D:10     | Gained mutation: You are clumsy. (Dex -2) [potion of
                  | mutation]
  9732 | D:10     | Gained mutation: Your body sometimes deteriorates upon
                  | taking damage. [potion of mutation]
  9732 | D:10     | Gained mutation: Your muscles are strong. (Str +4, Int/Dex
                  | -1) [potion of mutation]
  9733 | D:10     | Lost mutation: Your spells are a little easier to cast, but
                  | a little less powerful. [potion of mutation]
  9733 | D:10     | Lost mutation: You are clumsy. (Dex -2) [potion of
                  | mutation]
  9733 | D:10     | Lost mutation: Your body sometimes deteriorates upon taking
                  | damage. [potion of mutation]
  9733 | D:10     | Gained mutation: You are partially covered in iridescent
                  | scales. (AC +2) [potion of mutation]
  9733 | D:10     | Gained mutation: Your spells are a little harder to cast,
                  | but a little more powerful. [potion of mutation]
  9738 | D:10     | Reached skill level 10 in Armour
  9898 | D:11     | Killed a two-headed ogre
  9899 | D:11     | Reached XP level 11. HP: 59/97 MP: 10/10
 10095 | D:11     | Reached skill level 1 in Evocations
 10462 | D:11     | Found a staircase to the Lair.
 10469 | D:11     | Reached skill level 5 in Shields
 10796 | D:11     | Noticed a two-headed ogre
 10802 | D:11     | Killed a two-headed ogre
 11040 | D:11     | Noticed Maurice
 11084 | D:11     | Killed Maurice
 11374 | D:12     | Reached skill level 13 in Long Blades
 11540 | D:12     | Noticed Frances
 11551 | D:12     | Killed Frances
 11552 | D:12     | Reached skill level 1 in Unarmed Combat
 11607 | D:12     | Noticed a two-headed ogre
 11611 | D:12     | Killed a two-headed ogre
 11673 | D:12     | Found a staircase to the Orcish Mines.
 11682 | D:12     | Noticed a cyan ugly thing
 11684 | D:12     | Noticed a two-headed ogre
 11695 | D:12     | Killed a cyan ugly thing
 11697 | D:12     | Killed a two-headed ogre
 11698 | D:12     | Reached skill level 10 in Fighting
 11971 | D:12     | Noticed a skeletal warrior
 11972 | D:12     | Noticed a skeletal warrior
 11976 | D:12     | Noticed a skeletal warrior
 11983 | D:12     | Killed a skeletal warrior
 11984 | D:12     | Reached XP level 12. HP: 93/106 MP: 11/11
 12427 | D:13     | Noticed a centaur warrior
 12438 | D:13     | Reached skill level 14 in Long Blades
 12440 | D:13     | Killed a centaur warrior
 12659 | D:13     | Noticed a death knight
 12673 | D:13     | Killed a death knight
 13247 | D:13     | Noticed a two-headed ogre
 13251 | D:13     | Killed a two-headed ogre
 13254 | D:13     | Noticed a boulder beetle
 13269 | D:13     | Killed a boulder beetle
 13271 | D:13     | Noticed a centaur warrior
 13271 | D:13     | Noticed a boulder beetle
 13283 | D:13     | Killed a centaur warrior
 13285 | D:13     | Reached skill level 15 in Long Blades
 13349 | D:13     | Noticed a centaur warrior
 13367 | D:13     | Killed a centaur warrior
 13510 | D:13     | Noticed Jorgrun
 13524 | D:13     | Killed Jorgrun
 13525 | D:13     | Reached XP level 13. HP: 117/117 MP: 12/12
 13665 | D:13     | Noticed Nessos
 13675 | D:13     | Killed Nessos
 14074 | D:13     | Found a portal to a secret trove of treasure.
 14110 | D:13     | Noticed Lodul
 14138 | D:13     | Killed Lodul
 14413 | D:13     | Noticed a fire giant
 14422 | D:13     | Killed a fire giant
 14544 | D:13     | Identified the +7 trident "Uneun" {elec, rF+ rC+ Str+9
                  | Dex-5}
 14544 | D:13     | Noticed a tengu reaver
 14546 | D:13     | Paralysed by a jorogumo for 2 turns
 14578 | D:13     | HP: 3/118 [tengu reaver/bolt of lightning (16)]
 14879 | D:13     | Killed a tengu reaver
 14961 | D:13     | Reached skill level 15 in Armour
 15938 | D:14     | Found a broken altar of Ashenzari.
 16777 | D:14     | Reached ***** piety under Trog
 16836 | Abyss:3  | Cast into level 3 of the Abyss (a wizard)
 16972 | Abyss:3  | Noticed a bone dragon
 16997 | Abyss:3  | Killed a bone dragon
 16998 | Abyss:3  | Reached skill level 10 in Shields
 17008 | Abyss:3  | Noticed a starcursed mass
 17014 | Abyss:3  | Found a corrupted altar of Lugonu.
 17031 | Abyss:3  | Paralysed by accursed screaming for 1 turns
 17035 | Abyss:3  | Gained mutation: Your magical capacity is low. (-10% MP) [a
                  | neqoxec]
 17071 | Abyss:3  | Reached XP level 14. HP: 64/129 MP: 11/11
 17090 | Abyss:3  | Lost mutation: You are partially covered in iridescent
                  | scales. (AC +2) [potion of mutation]
 17090 | Abyss:3  | Lost mutation: Your spells are a little harder to cast, but
                  | a little more powerful. [potion of mutation]
 17090 | Abyss:3  | Lost mutation: Your muscles are strong. (Str +4, Int/Dex
                  | -1) [potion of mutation]
 17090 | Abyss:3  | Gained mutation: A frigid envelope surrounds you and
                  | freezes all who hurt you. [potion of mutation]
 17090 | Abyss:3  | Gained mutation: You have hidden genetic defects. [potion
                  | of mutation]
 17090 | Abyss:3  | Gained mutation: You are robust. (+10% HP) [potion of
                  | mutation]
 17093 | Abyss:3  | Noticed a tentacled starspawn
 17097 | Abyss:3  | Noticed a bone dragon
 17099 | Abyss:3  | Killed a tentacled starspawn
 17100 | Abyss:3  | Reached skill level 16 in Long Blades
 17117 | Abyss:3  | Killed a bone dragon
 17129 | Abyss:3  | Killed from afar by a hell hog

Illustrated notes

Levels and vault maps discovered:
D:1:      dpeg_arrival_stonehenge_8_columns, layout_basic, serial_shops,
          nicolae_diamond_shop
D:2:      layout_loops_ring, basic_ecumenical_altar, minivault_25, minivault_4,
          uniq_sigmund
D:3:      layout_basic, st_stairs_8, dilly_guarded_unrand_throatcut,
          uniq_jessica
D:4:      layout_basic, led_sif_pool, hellmonk_ghost_happy_afterlife
D:5:      layout_gridville, minmay_temple_entry_ruins
D:6:      layout_basic, nicolae_stop_n_shop_2, uniq_prince_ribbit1, uniq_edmund
D:7:      layout_basic
D:8:      layout_loops_corners, grunt_dithmenos_shadows, grunt_gozag_statues,
          enter_ossuary_3, guppyfry_early_elven_hall
D:9:      layout_stronghold
D:10:     minmay_goldmine, layout_irregular_city
D:11:     layout_cave_pods, erik_lair_island, uniq_maurice
D:12:     layout_loops_ring, david_orc_2, uniq_frances
D:13:     evilmike_diamond_2, layout_layer_cave, enter_trove_0, uniq_jorgrun,
          uniq_lodul, uniq_nessos
D:14:     layout_layer_cave, grunt_vaults_entry_tiered, nicolae_wwwww,
          ashenzari_altar_1
Abyss:3:  base: D:13, base:
D:1

Skill      XL: |  1  2  3  4  5  6  7  8  9 10 11 12 13 14 |
---------------+-------------------------------------------+-----
Fighting       | 4 5 6 7 8 9 10 11 13 | 13.7
Maces & Flails | 4 5 |  5.7
Dodging        | 3 4 5 6 |  6.1
Stealth        | 1 2 |  2.3
Long Blades    | 2 5 8 10 12 13 15 16 | 16.1
Armour         | 3 4 5 7 10 12 14 15 | 15.8
Shields        | 1 2 3 4 6 8 10 | 10.2
Evocations     | 2 3 |  3.8
Unarmed Combat | 1 |  1.3

Action                   |  1- 3 |  4- 6 |  7- 9 | 10-12 | 13-15 || total
-------------------------+-------+-------+-------+-------+-------++-------
Melee: Mace              |    55 |    41 |       |       |       ||    96
       Headbutt          |     8 |    11 |    23 |    81 |    85 ||   208
       Long sword        |       |    47 |   178 |   385 |   304 ||   914
       Unarmed           |       |       |       |     9 |       ||     9
Invok: Berserk           |     2 |     4 |     3 |    13 |     8 ||    30
       Brothers in Arms  |       |       |       |       |     3 ||     3
       Trog's Hand       |       |       |       |       |     2 ||     2
Evoke: Wand              |       |       |     2 |    12 |    17 ||    31
       Lightning rod     |       |       |       |     1 |     4 ||     5
  Use: Scroll            |       |       |     8 |    10 |     7 ||    25
       Potion            |       |       |     5 |    26 |    11 ||    42
 Stab: Sleeping          |       |     1 |       |       |       ||     1
Armor: Animal skin       |     8 |     9 |       |       |       ||    17
       Ring mail         |       |    16 |     4 |       |       ||    20
       Chain mail        |       |       |    39 |       |       ||    39
       Plate armour      |       |       |    33 |   248 |   179 ||   460
       Skin              |       |       |       |     8 |       ||     8
Dodge: Dodged            |    30 |    73 |    73 |   118 |   111 ||   405
Block: Buckler           |       |     4 |    23 |       |    59 ||    86
       Kite shield       |       |       |     4 |   172 |    61 ||   237

Table legend: (Time is in decaauts)
 A = Elapsed time spent in this place.
 B = Non-inter-level travel time spent in this place.
 C = Inter-level travel time spent in this place.
 D = Time resting spent in this place.
 E = Time spent auto-exploring this place.
 F = Levels seen in this place.
 G = Mean time per level.
                   A        B        C        D        E       F      G
               +--------+--------+--------+--------+--------+-----+--------+
         Total |  17312 |  16807 |    505 |      0 |  13545 |  16 | 1082.0 |
       Dungeon |  16826 |  16321 |    505 |      0 |  13397 |  14 | 1201.9 |
         Abyss |    281 |    281 |      0 |      0 |      9 |   1 |  281.0 |
       Ossuary |    204 |    204 |      0 |      0 |    139 |   1 |  204.0 |
               +--------+--------+--------+--------+--------+-----+--------+

Top non-repeatable levels by time:
    D:13: 2923 daAuts
    D:12: 1394 daAuts
    D:11: 1390 daAuts
    D:10: 1321 daAuts
    D:14: 1300 daAuts
     D:7: 1121 daAuts
     D:8: 1116 daAuts
     D:5: 1046 daAuts
     D:9: 975 daAuts
     D:2: 933 daAuts
     D:6: 929 daAuts
     D:3: 892 daAuts
     D:4: 751 daAuts
     D:1: 730 daAuts
 Abyss:3: 281 daAuts
